 Dungeon Crawl Stone Soup version 0.22-a0-78-g0f8607c (console) character file.

2115 Evablue the Grappler (level 9, -1/72 HPs)
             Began as a Ghoul Fighter on Jan 17, 2018.
             Was an Initiate of Qazlal.
             Slain by a green ugly thing (5 damage)
             ... on level 8 of the Dungeon.
             The game lasted 00:11:50 (5252 turns).

Evablue the Grappler (Ghoul Fighter)                Turns: 5252, Time: 00:11:52

Health: -1/72      AC: 13    Str: 23    XL:     9   Next: 29%
Magic:  8/8        EV:  7    Int:  3    God:    Qazlal [......]
Gold:   394        SH: 10    Dex: 11    Spells: 8/8 levels left

rFire    + . .     SeeInvis .     - Unarmed
rCold    + . .     Gourm    .   b - +0 shield
rNeg     + + +     Faith    .   w - +0 chain mail
rPois    ∞         Spirit   .   (no helmet)
rElec    .         Reflect  .   u - +0 cloak
rCorr    .         Harm     .   n - +0 pair of gloves
MR       .....                  D - +0 pair of boots
Stlth    ..........             (no amulet)
HPRegen  0.00/turn              x - +3 ring of dexterity
MPRegen  0.11/turn              h - ring of protection from fire

@: rotting
A: rotting body, claws 1, carnivore, cold resistance 1, negative energy
resistance 3, inhibited regeneration, torment resistance, unbreathing
a: Renounce Religion


You were on level 8 of the Dungeon.
You worshipped Qazlal.
Qazlal was noncommittal.
You were not hungry.

You visited 1 branch of the dungeon, and saw 8 of its levels.

You collected 394 gold pieces.

Inventory:

Armour
 a - a +0 scale mail
 b - a +0 shield (worn)
 l - a +0 cloak
 n - a +0 pair of gloves (worn)
 u - a +0 cloak (worn)
 w - a +0 chain mail (worn)
 D - a +0 pair of boots (worn)
Jewellery
 h - a ring of protection from fire (right hand)
 x - a +3 ring of dexterity (left hand)
Wands
 B - a wand of random effects (11)
Scrolls
 e - 3 scrolls of remove curse
 f - 8 scrolls of identify {unknown}
 k - 4 scrolls of fog {unknown}
 o - 5 scrolls of teleportation {unknown}
 p - a scroll of random uselessness {unknown}
 r - 4 scrolls of amnesia {unknown}
 y - 2 scrolls of magic mapping {unknown}
 z - a scroll of enchant weapon {unknown}
 E - a scroll of fear {unknown}
Potions
 c - a potion of might
 g - 4 potions of agility {unknown}
 i - 3 potions of heal wounds {unknown}
 j - 3 potions of flight {unknown}
 m - 2 potions of curing {unknown}
 q - 2 potions of experience {unknown}
 s - 2 potions of brilliance {unknown}
 t - a potion of resistance
 v - a potion of ambrosia {unknown}
 C - a potion of berserk rage {unknown}
 F - a potion of lignification {unknown}
Books
 A - a book of Air

   Spells                             Type                      Level
   a - Shock                          Conjuration/Air              1
   b - Swiftness                      Charms/Air                   2
   c - Static Discharge               Conjuration/Air              3
   d - Airstrike                      Air                          4
   e - Lightning Bolt                 Conjuration/Air              5
Comestibles
 d - 10 rations


   Skills:
 + Level 4.4 Fighting
 + Level 5.3 Armour
 + Level 2.5 Dodging
 + Level 6.1 Shields
 + Level 9.0 Unarmed Combat


You had 8 spell levels left.
You didn't know any spells.

Dungeon Overview and Level Annotations

Branches:
Dungeon (8/15)             Temple (0/1) D:7
   Lair: D:8-11

Altars:
Fedhas
Gozag
Qazlal
Vehumet
Wu Jian
Xom
The Shining One

Shops:
D:5 %

Annotations:
D:3 Jessica
D:6 cellescent's ghost, novice GnWn


Innate Abilities, Weirdness & Mutations

Your body is rotting away.
You thrive on raw meat.
You are immune to poison.
You have sharp fingernails.
You are carnivorous and can eat meat at any time.
Your flesh is cold resistant. (rC+)
You are immune to negative energy. (rN+++)
You do not regenerate when monsters are visible.
You are immune to unholy pain and torment.
You can survive without breathing.


Message History

You punch the green ugly thing!
The green ugly thing is heavily wounded.
The worker ant bites you but does no damage.
You block the centaur's attack. The green ugly thing tail-slaps you!
* * * LOW HITPOINT WARNING * * *
The adder skeleton bites you but does no damage.
You closely miss the green ugly thing.
The green ugly thing is heavily wounded.
The centaur hits you but does no damage.
The worker ant bites you but does no damage.
You block the green ugly thing's attack.
You block the adder skeleton's attack.
Your shield and chain mail prevent you from hitting the green ugly thing.
The green ugly thing is heavily wounded.
You block the centaur's attack. The worker ant bites you.
* * * LOW HITPOINT WARNING * * *
The centaur hits you.
* * * LOW HITPOINT WARNING * * *
The green ugly thing tail-slaps you.
You die...

.# .# . .# .. ##.##
#..#####...#
.......#...#
......c....#
.....lu@..# #.....aZ..#
... #.###......(.#
...## #.####..##.#.#
.#..###$#.$......#.#
...........#.#####.#
...........#.# #..#
...........#.# #.##
.............####.#####


You could see a green ugly thing, a centaur, an iguana, a worker ant and an
adder skeleton.

Vanquished Creatures
  A hippogriff (D:7)
  2 orc warriors
  A sky beast (D:5)
  2 phantoms
  2 centaurs
  2 bullfrogs
  A gnoll sergeant (D:5)
  A scorpion (D:7)
  A howler monkey (D:5)
  3 crimson imps
  3 centaur zombies (D:6)
  A bullfrog zombie (D:6)
  2 hounds
  A jelly (D:7)
  Crazy Yiuf (D:2)
  2 orc priests
  A centaur skeleton (D:5)
  4 orc wizards
  An iguana (D:5)
  6 worker ants
  A hound zombie (D:5)
  A howler monkey skeleton (D:7)
  15 adders
  4 gnolls (D:5)
  A shadow imp (D:5)
  An ooze (D:2)
  2 adder skeletons (D:4)
  2 worms
  A dart slug (D:1)
  A leopard gecko (D:4)
  28 orcs
  5 giant cockroaches
  5 goblins (D:1)
  11 hobgoblins
  12 jackals
  8 kobolds
  4 quokkas
  3 ball pythons (D:2)
  5 bats
  9 frilled lizards
  2 quokka skeletons
  7 rats
166 creatures vanquished.

Notes
Turn   | Place    | Note
-------+----------+-------------------------------------------
     0 | D:1      | Evablue the Ghoul Fighter began the quest for the Orb.
     0 | D:1      | Reached XP level 1. HP: 19/19 MP: 0/0
   132 | D:1      | Reached XP level 2. HP: 24/26 MP: 1/1
   553 | D:1      | Reached XP level 3. HP: 33/33 MP: 2/2
   933 | D:2      | Reached skill level 3 in Unarmed Combat
   950 | D:2      | Reached XP level 4. HP: 35/40 MP: 3/3
  1067 | D:2      | Found a radiant altar of Vehumet.
  1078 | D:2      | Found an opulent altar of Gozag.
  1334 | D:2      | Found a runed door.
  1492 | D:2      | Noticed Crazy Yiuf
  1504 | D:2      | Killed Crazy Yiuf
  1591 | D:3      | Reached XP level 5. HP: 46/46 MP: 4/4
  1684 | D:3      | Found an ornate altar of the Wu Jian Council.
  1715 | D:3      | Reached skill level 4 in Unarmed Combat
  1922 | D:3      | Reached skill level 1 in Dodging
  1960 | D:3      | Noticed Jessica
  2018 | D:3      | Found a shimmering altar of Xom.
  2345 | D:4      | Reached XP level 6. HP: 31/52 MP: 5/5
  2465 | D:4      | Noticed a phantom
  2494 | D:4      | Killed a phantom
  2494 | D:4      | Reached skill level 5 in Unarmed Combat
  2592 | D:4      | Reached XP level 7. HP: 52/59 MP: 6/6
  2881 | D:5      | Entered Level 5 of the Dungeon
  2884 | D:5      | Got a pair of smoking boots
  2894 | D:4      | Identified the cursed -4 pair of boots of the King {rC+ rCorr Int+4} (You found it on level 5 of the Dungeon)
  3118 | D:5      | Reached skill level 6 in Unarmed Combat
  3227 | D:5      | Reached XP level 8. HP: 65/66 MP: 7/7
  3259 | D:5      | Found Rafiras's Food Shoppe.
  3584 | D:5      | Reached skill level 7 in Unarmed Combat
  3828 | D:6      | Noticed cellescent's ghost (novice GnWn)
  3862 | D:7      | Noticed a hippogriff
  3876 | D:7      | Killed a hippogriff
  3876 | D:7      | Reached skill level 5 in Shields
  3876 | D:7      | Reached skill level 8 in Unarmed Combat
  3926 | D:7      | Found a stormy altar of Qazlal.
  4009 | D:7      | Reached skill level 5 in Armour
  4126 | D:6      | Got a coiled garnet amulet
  4153 | D:6      | Identified the amulet "Bifoaj" {Inacc Int+3} (You found it on level 6 of the Dungeon)
  4179 | D:6      | Found a glowing golden altar of the Shining One.
  4188 | D:6      | Reached XP level 9. HP: 71/71 MP: 8/8
  4349 | D:7      | Found a blossoming altar of Fedhas.
  4389 | D:7      | Became a worshipper of Qazlal Stormbringer
  4415 | D:7      | Found a staircase to the Ecumenical Temple.
  5191 | D:8      | Reached skill level 9 in Unarmed Combat
  5238 | D:8      | Noticed a green ugly thing
  5252 | D:8      | Slain by a green ugly thing

Vault maps used:
D:1:      matt_arrival_grand_opening
D:2:      minitemple, first_ration, minmay_shallow_snake_nest,
          uniq_crazy_yiuf_cottage
D:3:      nicolae_overflow_hidden_temple, lemuel_doored_altar, uniq_jessica
D:5:      serial_shops, shop_statue
D:6:      lemuel_coloured_pillars_altar, lemuel_crystal_altar,
          minmay_misc_feat_room
D:7:      grunt_temple_overflow_forces_of_nature, minmay_temple_entry_mist
D:8:      kennysheep_ying_yang, basic_altar, grunt_livestock

Skill      XL: |  1  2  3  4  5  6  7  8  9 |
---------------+----------------------------+-----
Armour         | 3 4 5 |  5.3
Shields        | 3 4 5 6 |  6.1
Unarmed Combat | 3 4 5 6 8 9 |  9.0
Dodging        | 1 2 |  2.5
Fighting       | 4 |  4.4

Action                   |  1- 3 |  4- 6 |  7- 9 || total
-------------------------+-------+-------+-------++-------
Melee: Unarmed           |    99 |   356 |   417 ||   872
  Use: Scroll            |       |       |     2 ||     2
  Eat: Chunk             |     7 |    18 |    14 ||    39
Armor: Scale mail        |    50 |    93 |       ||   143
       Chain mail        |       |    77 |   222 ||   299
Dodge: Dodged            |    36 |   109 |    99 ||   244
Block: Shield            |    49 |   159 |   229 ||   437

Table legend:
 A = Spawn XP
 B = Non-spawn XP
 C = Spawn XP percentage of total XP
 D = Spawn monster count
 E = Non-spawn monster count
 F = Spawn count percentage of total count
 G = Total turns spent on level
                    A         B        C        D         E        F      G
               +---------+---------+-------+---------+---------+-------+---------
         Total |       0 |    3022 |   0.0 |       0 |     166 |   0.0 |  5252
               +---------+---------+-------+---------+---------+-------+---------
           D:1 |       0 |      39 |   0.0 |       0 |      23 |   0.0 |   843
           D:2 |       0 |     125 |   0.0 |       0 |      27 |   0.0 |   742
           D:3 |       0 |     152 |   0.0 |       0 |      30 |   0.0 |   676
           D:4 |       0 |     367 |   0.0 |       0 |      21 |   0.0 |   634
           D:5 |       0 |     844 |   0.0 |       0 |      25 |   0.0 |   887
           D:6 |       0 |     329 |   0.0 |       0 |      10 |   0.0 |   246
           D:7 |       0 |     875 |   0.0 |       0 |      17 |   0.0 |  1073
           D:8 |       0 |     291 |   0.0 |       0 |      13 |   0.0 |   151
               +---------+---------+-------+---------+---------+-------+---------
